 Dungeon Crawl Stone Soup version 0.27-a0-1188-g73eefd5def (webtiles) character file.

Game seed: 12990241707573329682

240 siradein the Slasher (level 5, -4/38 HPs)
             Began as a Demonspawn Gladiator on May 21, 2021.
             Slain by an ogre
             ... wielding a +0 giant club
              (19 damage)
             ... on level 4 of the Dungeon.
             The game lasted 00:11:25 (4393 turns).

siradein the Slasher (Demonspawn Gladiator)         Turns: 4393, Time: 00:11:25

Health: -4/38      AC: 12    Str: 15    XL:     5   Next: 79%
Magic:  5/5        EV: 19    Int:  9    God:
Gold:   72         SH:  0    Dex: 15    Spells: 4/4 levels left

rFire    . . .     SeeInvis .   (weapon currently unavailable)
rCold    . . .     Faith    .   (shield currently unavailable)
rNeg     + + +     Spirit   .   (armour currently unavailable)
rPois    +         Reflect  .   (helmet currently unavailable)
rElec    .         Harm     .   (cloak currently unavailable)
rCorr    .         Rampage  .   (gloves currently unavailable)
Will     .....                  (boots currently unavailable)
Stlth    +.........             (no amulet)
HPRegen  0.12/turn              (no ring)
MPRegen  0.18/turn              (no ring)

@: fungus-form
A: melee confuse, terrified, no casting, tiny, (antennae 2), foul stench 1,
magic regeneration
a: no special abilities


You were on level 4 of the Dungeon.
You were a sentient fungus.
You visited 1 branch of the dungeon, and saw 4 of its levels.
You also visited: Sewer.

You collected 72 gold pieces.

Inventory:

Hand Weapons
 a - a +0 long sword
 f - a +3 rapier (melded)
Missiles
 d - 3 throwing nets (quivered)
Armour
 b - a +0 leather armour (melded)
 j - a +0 cloak (melded)
Jewellery
 n - a ring of ice
Wands
 p - a wand of iceblast (8)
Scrolls
 c - 2 scrolls of enchant weapon {unknown}
 e - 2 scrolls of teleportation
 h - a scroll of magic mapping {unknown}
 i - a scroll of fog
 m - a scroll of blinking {unknown}
 r - a scroll of brand weapon {unknown}
Potions
 g - 2 potions of heal wounds
 k - a potion of lignification
 l - 2 potions of haste
 o - 2 potions of curing {unknown}
 q - a potion of ambrosia {unknown}


   Skills:
 - Level 2.0 Fighting
 + Level 6.0 Long Blades
 - Level 1.7 Throwing
 - Level 2.6 Dodging


You had 4 spell levels left.
You didn't know any spells.
Your spell library contained the following spells:

 Spells                   Type           Power      Damage    Failure   Level
 Foxfire                  Conj/Fire      0%         2x1d4     38%         1
 Confusing Touch          Hex            0%         N/A       77%         3
 Conjure Flame            Conj/Fire      0%         6-21      77%         3
 Gell's Gravitas          Tloc           0%         N/A       77%         3
 Inner Flame              Hex/Fire       0%         N/A       77%         3
 Petrify                  Tmut/Erth      0%         N/A       99%         4
 Sticky Flame             Conj/Fire      0%         2d3       99%         4
 Fireball                 Conj/Fire      0%         3d3       100%        5
 Metabolic Englaciation   Hex/Ice        0%         N/A       100%        5
 Yara's Violent Unravell  Hex/Tmut       0%         3d3       100%        5


Dungeon Overview and Level Annotations

Branches:
Dungeon (4/15)              Sewer (visited)
 Temple: D:4-7

Altars:
Dithmenos
Sif Muna
Vehumet

Annotations:
D:4 Ijyb


Innate Abilities, Weirdness & Mutations

You are a sentient fungus.
You are tiny and evasive.
Your melee attack releases spores that confuse breathing creatures.
You become terrified and freeze when enemies are visible.
Your armour is entirely melded.
You are incapable of wielding weapons or throwing items.
You cannot cast spells.
((You have a pair of antennae on your head.))
You may rarely emit foul miasma when damaged in melee.
You regenerate magic rapidly.


Message History

You feel a bit more experienced.
Your Long Blades skill increases to level 6!
Found a shimmering blue altar of Sif Muna.
Things that are here:
a +0 dagger; a +0 robe; an orc corpse You see here a +0 cloak.
You start putting on your armour.
You continue putting on your +0 cloak. x4
You finish putting on your +0 cloak.
An ogre comes into view. It is wielding a +0 giant spiked club.
An ogre comes into view. It is wielding a +0 giant club.
The ogre shouts!
You hear a shout!
Ijyb the Twisted Goblin comes into view.
She is wielding a +0 club and carrying a wand of polymorph (11).
Ijyb shouts!
Ijyb screams, "Me very upset!"
Ijyb zaps a wand.
You resist with some effort.
The ogre shouts!
Ijyb zaps a wand.
You resist with some effort. The ogre barely misses you.
Ijyb zaps a wand.
You turn into a sentient fungus.
Your +3 rapier melds into your body.
Your +0 cloak melds into your body.
Your +0 leather armour melds into your body.
You're too terrified to move while being watched!
You're too terrified to move while being watched!
You're too terrified to move while being watched!
You're too terrified to move while being watched!
You release spores at the ogre!
The ogre is moderately wounded.
The ogre closely misses you. The ogre misses you.
You release spores at the ogre but do no damage.
The ogre is moderately wounded.
The ogre hits you with a +0 giant club! The ogre barely misses you.
You release spores at the ogre.
The ogre is heavily wounded.
You release spores at the ogre but do no damage.
The ogre is heavily wounded.
The ogre closely misses you. The ogre completely misses you.
You release spores at the ogre!
The ogre is almost dead.
The ogre hits you with a +0 giant club!!
Ouch! That really hurt!
You die...

#...#...####O....#
#........#.....#
#.........<...#
#)...........##. {
##.....)....)...
#......#.......# .
##.........######
....####....##...##
.......fO...####..#
........O...# #..#
..######g...# ##.#
##. ###..# .. ....
##..# #......
###...## ###......
#......###........
.....###....O..g....
...## #....###.....


You could see 2 ogres and Ijyb.

Vanquished Creatures
  An orc priest (D:2)
  Jessica (D:2)
  2 orc wizards
  5 adders
  4 worms
  A dart slug (D:3)
  2 orcs
  4 endoplasms
  2 giant cockroaches
  4 goblins
  4 hobgoblins
  7 jackals
  13 kobolds
  2 quokkas
  10 ball pythons
  5 bats
  2 frilled lizards (Sewer)
  7 rats
76 creatures vanquished.

Vanquished Creatures (others)
  16 plants (Sewer)
16 creatures vanquished.

Grand Total: 92 creatures vanquished

Notes
Turn   | Place    | Note
-------+----------+-------------------------------------------
     0 | D:1      | siradein the Demonspawn Gladiator began the quest for the
                  | Orb.
     0 | D:1      | Reached XP level 1. HP: 16/16 MP: 1/1
   126 | D:1      | Reached skill level 3 in Long Blades
   352 | D:1      | Found a faded altar of an unknown god.
   861 | D:1      | Gained mutation: You regenerate magic rapidly. [demonic
                  | ancestry]
   861 | D:1      | Reached XP level 2. HP: 22/22 MP: 2/2
   925 | D:2      | Noticed Jessica
   931 | D:2      | Killed Jessica
   932 | D:2      | Gained mutation: You may rarely emit foul miasma when
                  | damaged in melee. [demonic ancestry]
   932 | D:2      | Reached XP level 3. HP: 17/27 MP: 3/3
  1044 | D:2      | Reached skill level 4 in Long Blades
  1103 | D:2      | Gained mutation: You have a pair of small antennae on your
                  | head. [demonic ancestry]
  1103 | D:2      | Reached XP level 4. HP: 20/33 MP: 4/4
  1318 | D:2      | Reached skill level 5 in Long Blades
  1732 | D:2      | Gained mutation: You have a pair of antennae on your head.
                  | [demonic ancestry]
  1732 | D:2      | Reached XP level 5. HP: 33/38 MP: 5/5
  2071 | D:2      | Found a radiant altar of Vehumet.
  2606 | D:3      | Found a glowing drain.
  2616 | Sewer    | Entered a sewer
  4240 | D:3      | Found a shadowy altar of Dithmenos.
  4329 | D:4      | Reached skill level 6 in Long Blades
  4329 | D:4      | Found a shimmering blue altar of Sif Muna.
  4362 | D:4      | Noticed an ogre
  4373 | D:4      | Noticed an ogre
  4374 | D:4      | Noticed Ijyb
  4393 | D:4      | Slain by an ogre

Illustrated notes

Levels and vault maps discovered:
D:1:      eino_arrival_water_star, layout_basic,
          hellmonk_ecumenical_altar_arch_garden, serial_bayou_ford_a
D:2:      layout_loops_ring, basic_altar, uniq_jessica
D:3:      layout_basic, grunt_dithmenos_smoke, cheibrodos_sewer_entry_bend
D:4:      layout_layer_cave, nzn_overflow_gifts_of_might_and_magic,
          kennysheep_generic_room_2, uniq_grinder, uniq_crazy_yiuf_cottage,
          uniq_ijyb, uniq_edmund

Skill      XL: |  1  2  3  4  5 |
---------------+----------------+-----
Long Blades    | 3 4 5 6 |  6.0
Fighting       | |  2.0
Throwing       | |  1.7
Dodging        | |  2.6

Action                   |  1- 3 |  4- 6 || total
-------------------------+-------+-------++-------
Melee: Long sword        |    14 |       ||    14
       Rapier            |    29 |   180 ||   209
       Unarmed           |       |     5 ||     5
  Use: Scroll            |       |     6 ||     6
Armor: Leather armour    |     7 |    41 ||    48
Dodge: Dodged            |    25 |   114 ||   139
       Rpst.: Long sword |     3 |       ||     3

Table legend: (Time is in decaauts)
 A = Elapsed time spent in this place.
 B = Non-inter-level travel time spent in this place.
 C = Inter-level travel time spent in this place.
 D = Time resting spent in this place.
 E = Time spent auto-exploring this place.
 F = Levels seen in this place.
 G = Mean time per level.
                   A        B        C        D        E       F      G
               +--------+--------+--------+--------+--------+-----+--------+
         Total |   4658 |   4541 |    117 |    421 |   3018 |   5 |  931.6 |
       Dungeon |   3113 |   2996 |    117 |    199 |   2097 |   4 |  778.2 |
         Sewer |   1545 |   1545 |      0 |    222 |    921 |   1 | 1545.0 |
               +--------+--------+--------+--------+--------+-----+--------+

Top non-repeatable levels by time:
   Sewer: 1545 daAuts
     D:2: 1108 daAuts
     D:1: 1052 daAuts
     D:3: 865 daAuts
     D:4: 86 daAuts
